 Dungeon Crawl Stone Soup version 0.27.0-1-g7a089689b8 (webtiles) character file.

Game seed: 9755233106736692510

330632 ABBCCCDDDD the Severer (level 22, -15/184 (190) HPs)
             Began as a Formicid Fighter on Aug 17, 2021.
             Was a High Priest of Okawaru.
             Killed from afar by a Hell Sentinel (36 damage)
             ... with an iron shot
             ... summoned by a deep elf demonologist
             ... on level 3 of the Elven Halls.
             The game lasted 01:02:15 (48975 turns).

ABBCCCDDDD the Severer (Formicid Fighter)          Turns: 48975, Time: 01:02:16

HP:   -15/184 (190) AC: 38    Str: 32    XL:     22   Next: 27%
MP:   0/37          EV: 11    Int: 13    God:    Okawaru [*****.]
Gold: 2282          SH: 26    Dex:  8    Spells: 21/21 levels left

rFire    + . .     SeeInvis +   b - +9 battleaxe "Sempijik" {vamp, rPois Int+2 Dex-4}
rCold    + . .     Faith    .   Z - +2 tower shield {AC+3}
rNeg     . . .     Spirit   +   t - +1 crystal plate armour
rPois    +         Reflect  .   (helmet unavailable)
rElec    +         Harm     .   e - +0 cloak "Gassur" {Drain +Inv rElec rCorr}
rCorr    +         Rampage  .   X - +0 pair of gloves of the Dwarven Hall {rPois MP+9 Str+6}
Will     +++..                  C - +2 pair of boots
Stlth    ..........             r - amulet of guardian spirit
HPRegen  0.40/turn              w - +4 ring of slaying
MPRegen  0.25/turn              B - ring of willpower

@: resistant, heroic, studying Transmutations, lightly drained
A: permanent stasis, dig shafts and tunnels, antennae 3, four strong arms
}: 3/15 runes: serpentine, barnacled, abyssal
a: Dig, Shaft Self, Renounce Religion, Evoke Invisibility, Heroism, Finesse


You were on level 3 of the Elven Halls.
You worshipped Okawaru.
Okawaru was extremely pleased with you.
You visited 7 branches of the dungeon, and saw 35 of its levels.
You visited the Abyss 1 time.
You also visited: Sewer and Ice Cave.

You collected 3667 gold pieces.
You spent 1352 gold pieces at shops.
You donated 33 gold pieces to Zin.

Inventory:

Hand Weapons
 a - the +9 broad axe "Ujoprieq" {vorpal, Fly rElec Dex+6 Stlth-}
   (Okawaru gifted it to you on level 14 of the Dungeon)

   It inflicts extra damage upon your enemies.
   Dex:       It affects your dexterity (+6).
   rElec:     It insulates you from electricity.
   Fly:       It grants you flight.
   Stlth:     It makes you less stealthy.
 b - the +9 battleaxe "Sempijik" (weapon) {vamp, rPois Int+2 Dex-4}
   (Okawaru gifted it to you on level 6 of the Lair of Beasts)

   It occasionally heals its wielder for a portion of the damage dealt when it
   wounds a living foe.
   Int:       It affects your intelligence (+2).
   Dex:       It affects your dexterity (-4).
   rPois:     It protects you from poison.
 x - a +2 executioner's axe of electrocution
Missiles
 I - 17 silver javelins (quivered)
 K - 10 throwing nets
Armour
 e - the +0 cloak "Gassur" (worn) {Drain +Inv rElec rCorr}
   (Okawaru gifted it to you on level 2 of the Snake Pit)

   rElec:     It insulates you from electricity.
   +Inv:      It lets you turn invisible.
   rCorr:     It protects you from acid and corrosion.
   Drain:     It drains your maximum health when unequipped.
 t - a +1 crystal plate armour (worn)
 C - a +2 pair of boots (worn)
 X - the +0 pair of gloves of the Dwarven Hall (worn) {rPois MP+9 Str+6}
   (Okawaru gifted it to you on level 2 of the Orcish Mines)

   Str:       It affects your strength (+6).
   rPois:     It protects you from poison.
   MP:        It affects your magic capacity (+9).
 Z - a +2 tower shield of protection (worn)
Jewellery
 c - the ring of Nobility {Int+6 Dex+4 SInv}
   (You took it off a merfolk javelineer on level 4 of the Shoals)

   [ring of intelligence]

   Int:       It affects your intelligence (+6).
   Dex:       It affects your dexterity (+4).
   SInv:      It lets you see invisible.
 f - a +6 ring of intelligence
 q - a ring of positive energy
 r - an amulet of guardian spirit (around neck)
 w - a +4 ring of slaying (left hand)
 B - a ring of willpower (right hand)
 J - a +4 ring of protection
 N - a +4 ring of evasion
 P - a ring of ice
 Y - an amulet of reflection
Wands
 i - a wand of paralysis (5)
 j - a wand of acid (7)
 z - a wand of flame (58)
 D - a wand of charming (24)
 G - a wand of iceblast (32)
 W - a wand of mindburst (19)
Scrolls
 d - 2 scrolls of magic mapping
 o - 9 scrolls of immolation
 p - a scroll of brand weapon
 u - 6 scrolls of enchant weapon
 v - 7 scrolls of enchant armour
 y - 3 scrolls of vulnerability
 E - 2 scrolls of torment
 F - 2 scrolls of fear
 H - 3 scrolls of fog
 M - 4 scrolls of amnesia
 Q - 5 scrolls of identify
 V - a scroll of holy word
Potions
 g - 6 potions of lignification
 h - 6 potions of attraction
 k - 8 potions of curing
 l - a potion of mutation
 m - a potion of might
 s - 3 potions of brilliance
 A - 6 potions of heal wounds
 L - a potion of cancellation
 O - 5 potions of flight
 S - 3 potions of ambrosia
 T - 5 potions of magic
 U - 2 potions of resistance
Miscellaneous
 n - a phantom mirror
 R - a box of beasts


   Skills:
 + Level 20.0(25.0) Fighting
 - Level 20.5(25.5) Axes
 + Level 15.2(20.2) Armour
 + Level 10.6(15.6) Dodging
 - Level 15.4(20.4) Shields
 - Level 8.0 Invocations
 - Level 10.0 Evocations


You had 21 spell levels left.
You didn't know any spells.
Your spell library contained the following spells:

 Spells                   Type           Power      Damage    Failure   Level
 Pain                     Necr           0%         1d4       95%         1
 Shock                    Conj/Air       0%         1d3       95%         1
 Ensorcelled Hibernation  Hex/Ice        0%         N/A       99%         2
 Passwall                 Tmut/Erth      0%         N/A       99%         2
 Searing Ray              Conj           0%         3d3       99%         2
 Static Discharge         Conj/Air       0%         N/A       99%         2
 Sublimation of Blood     Necr           0%         N/A       99%         2
 Wereblood                Tmut           0%         N/A       99%         2
 Call Canine Familiar     Summ           0%         N/A       100%        3
 Dazzling Flash           Conj/Hex       0%         N/A       100%        3
 Ignite Poison            Fire/Tmut/Pois 0%         N/A       100%        3
 Lesser Beckoning         Tloc           0%         N/A       100%        3
 Mephitic Cloud           Conj/Pois/Air  0%         N/A       100%        3
 Ozocubu's Armour         Ice            0%         N/A       100%        3
 Portal Projectile        Hex/Tloc       0%         N/A       100%        3
 Spider Form              Tmut/Pois      0%         N/A       100%        3
 Airstrike                Air            0%         N/A       100%        4
 Animate Dead             Necr           0%         N/A       100%        4
 Cause Fear               Hex            0%         N/A       100%        4
 Dispel Undead            Necr           0%         3d6       100%        4
 Fulminant Prism          Conj/Hex       0%         3d6       100%        4
 Iskenderun's Mystic Bla  Conj/Tloc      0%         2d3       100%        4
 Leda's Liquefaction      Hex/Erth       0%         N/A       100%        4
 Petrify                  Tmut/Erth      0%         N/A       100%        4
 Sticky Flame             Conj/Fire      0%         2d3       100%        4
 Summon Lightning Spire   Summ/Air       0%         N/A       100%        4
 Agony                    Necr           0%         N/A       100%        5
 Blade Hands              Tmut           0%         N/A       100%        5
 Bolt of Magma            Conj/Fire/Erth 0%         4d4       100%        5
 Borgnjor's Vile Clutch   Necr/Erth      0%         N/A       100%        5
 Excruciating Wounds      Necr           0%         N/A       100%        5
 Lee's Rapid Deconstruct  Erth           0%         3d5*      100%        5
 Manifold Assault         Tloc           0%         N/A       100%        5
 Metabolic Englaciation   Hex/Ice        0%         N/A       100%        5
 Silence                  Hex/Air        0%         N/A       100%        5
 Summon Forest            Summ/Tloc      0%         N/A       100%        5
 Summon Mana Viper        Hex/Summ       0%         N/A       100%        5
 Death Channel            Necr           0%         N/A       100%        6
 Dispersal                Tloc           0%         N/A       100%        6
 Invisibility             Hex            0%         N/A       100%        6
 Iron Shot                Conj/Erth      0%         9d1       100%        6
 Shadow Creatures         Summ           N/A        N/A       100%        6
 Statue Form              Tmut/Erth      0%         N/A       100%        6
 Dragon Form              Tmut           0%         N/A       100%        7
 Ozocubu's Refrigeration  Ice            0%         4d5       100%        7
 Storm Form               Tmut/Air       0%         N/A       100%        7
 Summon Hydra             Summ           0%         N/A       100%        7
 Disjunction              Tloc           0%         N/A       100%        8
 Maxwell's Capacitive Co  Air            0%         ∞         100%        8
 Necromutation            Tmut/Necr      0%         N/A       100%        8
 Dragon's Call            Summ           0%         N/A       100%        9
 Blink                    Tloc           Unusable   N/A       N/A         2
 Swiftness                Air            Unusable   N/A       N/A         3

Dungeon Overview and Level Annotations

Branches:
Dungeon (15/15)            Temple (1/1) D:5            Lair (6/6) D:8
 Shoals (4/4) Lair:4        Snake (4/4) Lair:3        Slime (0/5) Lair:6
    Orc (2/2) D:9             Elf (3/3) Orc:2        Vaults (0/5) D:13
 Depths (0/5) D:15          Sewer (visited)           IceCv (visited)

Altars:
Ashenzari
Cheibriados
Dithmenos
Elyvilon
Fedhas
Gozag
Hepliaklqana
Kikubaaqudgha
Makhleb
Nemelex Xobeh
Okawaru
Qazlal
Ru
Sif Muna
Trog
Uskayaw
Vehumet
Wu Jian
Xom
Yredelemnul
Zin
The Shining One
Beogh
Jiyva

Shops:
D:2 =   D:5 (   D:6 [   D:8 *   Orc:1 ?   Orc:2 ?[((=   Elf:1 *

Annotations:
D:2 1 runed translucent door, Crazy Yiuf
D:3 3 runed translucent doors, Golzeb's ghost, amateur MiBe
D:6 2 runed translucent doors
D:7 exclusion: oklob plant
D:9 1 runed translucent door, Ge0ff's ghost, novice DDFi
D:13 1 runed translucent door, Nordron's ghost, adept PaGl
Lair:1 1 runed translucent door, Taxzan's ghost, journeyman MiGl
Lair:6 exclusion: oklob plant


Innate Abilities, Weirdness & Mutations

You cannot be hasted, slowed, berserked, paralysed or teleported.
You can dig through walls and to a lower floor.
You have a pair of large antennae on your head. (SInv)
Your four strong arms can wield two-handed weapons with a shield.


Message History

Okawaru accepts your kill.
You hear a shout!
You block the Hell Sentinel's attack. The Hell Sentinel barely misses you.
The Hell Sentinel hits you!! The Hell Sentinel hits you!
* * * LOW HITPOINT WARNING * * *
Things that are here:
a +0 short sword; a +0 short sword; a +0 leather armour You barely miss the Hell Sentinel.
You slash the Hell Sentinel!
You block the Hell Sentinel's attack. x3
The Hell Sentinel hits you but does no damage.
You slice the Hell Sentinel!!
The Hell Sentinel is lightly wounded.
Your crystal plate armour prevents you from hitting the Hell Sentinel.
You block the Hell Sentinel's attack.
The Hell Sentinel hits you but does no damage.
The Hell Sentinel hits you!
* * * LOW HITPOINT WARNING * * *
The Hell Sentinel hits you but does no damage.
You hit the Hell Sentinel.
The Hell Sentinel is lightly wounded.
You slash the Hell Sentinel!
The Hell Sentinel hits you but does no damage. x2
You slice the Hell Sentinel!!
The Hell Sentinel is moderately wounded.
You slash the Hell Sentinel!
The Hell Sentinel hits you but does no damage. x2
You slice the Hell Sentinel!!
The Hell Sentinel is severely wounded.
You slash the Hell Sentinel! You block the Hell Sentinel's attack.
The Hell Sentinel hits you but does no damage.
The Hell Sentinel hits you!!
* * * LOW HITPOINT WARNING * * *
You block the Hell Sentinel's attack.
You slice the Hell Sentinel like a ripe choko!!!
The Hell Sentinel is almost dead.
You hit the Hell Sentinel but do no damage.
You block the Hell Sentinel's attack. x2
The Hell Sentinel gestures at you. The iron shot hits you!!!
You die...

#...{{{{{.....# #..{{..{..#
#####{##### #{# ######{####
### #ee{{{{§§.#
###§###e####§##.##.. ##
#..§§§#1###§........
.######
#..§§§@1...)§.#.##..
#.....# #..§§§#§##......# #
#.###.# ###.###[###[..#.#
#.# #.# #.# #)).......#
.####.# ###.# ######.####
...##.# ##.#.# #.# ##.##.#
##....# #+##
##.##.###.....## ##...##
......##.......#####.....##


You could see 2 Hell Sentinels, 2 deep elf master archers and a deep elf death
mage.

Levels and vault maps discovered:
D:1:      minmay_arrival_four_circles, layout_basic,
          shapermc_ecumenical_altar_mp_vishouse, chequers_serial_rivers_room_b,
          nrook_mini_backslash
D:2:      layout_rooms, serial_shops, nicolae_shop_trees,
          uniq_crazy_yiuf_cottage, uniq_sigmund
D:3:      layout_loops_corners, grunt_gozag_statues,
          mainiacjoe_overflow_brackets, gammafunk_ghost_icy
D:4:      layout_basic, lemuel_tele_altar, vehumet_crystals,
          mainiacjoe_overflow_cross_hatched, cheibrodos_sewer_entry_sluice
D:5:      layout_basic, nemelex_spade_bored_becter, temple_green, serial_shops,
          shop
D:6:      lemuel_insect_pit, layout_layer_cave, nicolae_tso_besieged_by_evil,
          serial_shops, shop, uniq_maggie
D:7:      layout_gridville, tgw_fedhas, serial_glass, glass_columns_b,
          glass_columns_a, uniq_pikel
D:8:      layout_loops_corners, old_standard_altar, david_lair_generic,
          serial_shops, nicolae_shop_stone, uniq_prince_ribbit1
D:9:      layout_gridville, general_overflow_altar, lemuel_round_altar,
          david_orc_3, ebering_ghost_xom
D:10:     layout_small_grid, tgw_trog, lemuel_crystal_altar
D:11:     layout_basic, uniq_fannar, uniq_psyche
D:12:     layout_gridville, uniq_kirke
D:13:     layout_long_grid, david_vaults_5, ebering_ghost_xom, minivault_21,
          uniq_rupert, uniq_jorgrun
D:14:     layout_roguey [special_room_bee], small_statue_intersection
D:15:     grunt_enter_depths_snipers, layout_irregular_city, dk_noncrumbling_2
Temple:   nicolae_temple_figure_zero
Lair:1:   layout_loops_ring, ebering_ghost_reflecting_pool
Lair:2:   layout_roguey, lemuel_fruit_tree
Lair:3:   layout_misc_corridors, dummy_snake_entry, uniq_urug
Lair:4:   layout_regular_city, elwin_shoals_entry_rooms, uniq_nergalle
Lair:5:   layout_roguey, grunt_megastairs_4
Lair:6:   minmay_lair_end_enchanted_forest, layout_gridlike, slime_altar_1,
          basic_altar, serial_bayou_lagoon_a, serial_bayou_shore_b
Shoals:1: cheibrodos_shoals_oceanic_diplomacy, layout_shoals, uniq_donald
Shoals:2: layout_shoals, portal_ice_cave_entry_ice_statue_two, uniq_polyphemus
Shoals:3: layout_shoals, uniq_ilsuiw
Shoals:4: shoals_end_hellmonk_storm_palace [storm_palace_center_circular,
          storm_palace_corner_narrow, storm_palace_corner_blocked,
          storm_palace_corner_reverse_hut, storm_palace_corner_altar],
          uniq_louise
Snake:1:  layout_gridlike, evilmike_ambush [evilmike_ambush_outer_corners,
          evilmike_ambush_inner_pond]
Snake:2:  layout_cave_town, basic_altar, nicolae_snake_gridmaze_zigzag
Snake:3:  layout_onion, uniq_aizul
Snake:4:  grunt_snake_rune_pools, layout_layer_cave, nicolae_snake_shapes
Orc:1:    nicolae_orc_accident_1, layout_diamond_mine, serial_shops,
          nicolae_shop_statue_plus, uniq_josephine
Orc:2:    st_orc_ogre_mass, layout_diamond_mine, serial_shops, shop,
          basic_altar, elves_outpost_lemuel
Elf:1:    layout_onion_city, serial_shops, shop,
          hangedman_elven_crosses_minicolossus, nicolae_take_the_stairs,
          hangedman_research_toxicology
Elf:2:    elven_hall_of_blades_hangedman_alternative
          [nicolae_blade_entry_antechamber], layout_loops_corners, basic_altar,
          gammafunk_ghost_split, einodemon_crawler_minivault
Elf:3:    minmay_elf_hall_circle, layout_loops_corners, minmay_elf_annihilation

Notes
Turn   | Place    | Note
-------+----------+-------------------------------------------
     0 | D:1      | ABBCCCDDDD the Formicid Fighter began the quest for the
                  | Orb.
     0 | D:1      | Reached XP level 1. HP: 18/18 MP: 1/1
    90 | D:1      | Reached XP level 2. HP: 11/24 MP: 2/2
  1086 | D:1      | Reached XP level 3. HP: 27/29 MP: 3/3
  1268 | D:1      | Found a faded altar of an unknown god.
  1523 | D:2      | Found Cydyun's Jewellery Shop.
  1628 | D:2      | Reached XP level 4. HP: 36/37 MP: 4/4
  2245 | D:2      | Noticed Sigmund
  2303 | D:2      | Killed Sigmund
  2304 | D:2      | Reached XP level 5. HP: 12/43 MP: 5/5
  2304 | D:2      | Reached XP level 6. HP: 14/49 MP: 6/6
  3002 | D:2      | Found a runed translucent door.
  3003 | D:2      | Noticed Crazy Yiuf
  3071 | D:3      | Found a runed translucent gate.
  3071 | D:3      | Found a runed translucent gate.
  3071 | D:3      | Found a runed translucent gate.
  3099 | D:3      | Noticed an ogre
  3108 | D:3      | Killed an ogre
  3109 | D:3      | Reached skill level 5 in Shields
  3504 | D:3      | Found a basalt altar of Yredelemnul.
  3549 | D:3      | Reached XP level 7. HP: 31/55 MP: 7/7
  4172 | D:3      | Found an opulent altar of Gozag.
  4385 | D:3      | Noticed Golzeb's ghost (amateur MiBe)
  4934 | D:4      | Found a radiant altar of Vehumet.
  4953 | D:4      | Found a glowing drain.
  4987 | Sewer    | Entered a sewer
  5042 | Sewer    | Noticed Purgy
  5069 | Sewer    | Killed Purgy
  5070 | Sewer    | Reached skill level 5 in Fighting
  5070 | Sewer    | Reached skill level 5 in Axes
  5070 | Sewer    | Reached skill level 5 in Armour
  5474 | D:4      | Found an ancient bone altar of Kikubaaqudgha.
  5601 | D:4      | Found a glowing silver altar of Zin.
  5744 | D:4      | Became a worshipper of Zin the Law-Giver
  5744 | D:4      | Reached * piety under Zin
  5890 | D:4      | Reached XP level 8. HP: 62/62 MP: 8/8
  6037 | D:5      | Entered Level 5 of the Dungeon
  6093 | D:5      | Found a sparkling altar of Nemelex Xobeh.
  6152 | D:5      | Found Gefumiel's Weapon Shop.
  6758 | D:5      | Found a staircase to the Ecumenical Temple.
  7059 | Temple   | Entered the Ecumenical Temple
  7992 | D:6      | Noticed Maggie
  7998 | D:6      | Was placed under penance by Zin
  8012 | D:6      | Killed Maggie
  8013 | D:6      | Reached XP level 9. HP: 34/69 MP: 3/9
  8246 | D:6      | Found a runed translucent door.
  8248 | D:6      | Found a runed translucent door.
  8268 | D:6      | Found Foejuexan's Antique Armour Shop.
  8272 | D:6      | Bought a pair of embroidered boots for 150 gold pieces
  8306 | D:6      | Found a glowing golden altar of the Shining One.
  8315 | D:6      | Was forgiven by Zin
 10162 | D:7      | Noticed a hornet
 10163 | D:7      | Identified a scroll of acquirement
 10183 | D:7      | Killed a hornet
 10184 | D:7      | Reached XP level 10. HP: 30/79 MP: 4/10
 10394 | D:7      | Acquired the +1 cloak of Hysteria {rCorr Int+2}
 10411 | D:7      | Found a blossoming altar of Fedhas.
 10427 | D:7      | Noticed an oklob plant
 10618 | D:7      | Noticed Pikel
 10655 | D:6      | Killed Pikel
 11468 | D:8      | Reached ** piety under Zin
 11635 | D:8      | Found a shimmering blue altar of Sif Muna.
 11824 | D:8      | Found a staircase to the Lair.
 12095 | D:8      | Found Yqeqierch's General Store.
 12130 | D:8      | Noticed Prince Ribbit
 12401 | D:8      | Killed Prince Ribbit
 12787 | D:9      | Found a staircase to the Orcish Mines.
 12817 | D:10     | Entered Level 10 of the Dungeon
 12844 | D:10     | Noticed a two-headed ogre
 12856 | D:10     | Reached skill level 10 in Axes
 13002 | D:10     | Found an iron altar of Okawaru.
 13024 | D:10     | Fell from the grace of Zin
 13024 | D:10     | Became a worshipper of Warmaster Okawaru
 13171 | D:10     | Killed a two-headed ogre
 13171 | D:10     | Reached * piety under Okawaru
 13172 | D:10     | Reached XP level 11. HP: 76/87 MP: 11/11
 13751 | D:10     | Noticed a moth of wrath
 13770 | D:9      | Found a white marble altar of Elyvilon.
 13814 | D:9      | Found a shadowy altar of Dithmenos.
 13870 | D:9      | Noticed a two-headed ogre
 14206 | D:9      | Noticed a boulder beetle
 14215 | D:8      | Reached skill level 1 in Invocations
 14292 | Lair:1   | Entered Level 1 of the Lair of Beasts
 14461 | Lair:1   | Noticed a six-headed hydra
 14475 | Lair:1   | Reached ** piety under Okawaru
 14987 | Lair:1   | Found a runed translucent door.
 15031 | Lair:1   | Reached *** piety under Okawaru
 15032 | Lair:1   | Reached skill level 10 in Shields
 15569 | Lair:1   | Noticed Taxzan's ghost (journeyman MiGl)
 16005 | Lair:2   | You fall into a shaft and drop 1 floor!
 16120 | Lair:3   | Noticed a six-headed hydra
 16146 | Lair:2   | Reached XP level 12. HP: 85/96 MP: 11/14
 16242 | Lair:2   | Acquired 521 gold pieces
 16419 | D:5      | Bought the +10 broad axe "Zaukhoa" {spect, rPois} for 712
                  | gold pieces
 16642 | Lair:2   | Reached **** piety under Okawaru
 16859 | Lair:2   | Reached skill level 5 in Invocations
 17472 | Lair:2   | Killed a one-headed hydra
 17560 | Lair:3   | Noticed Urug
 17727 | Lair:3   | Killed Urug
 17727 | Lair:3   | Reached ***** piety under Okawaru
 17823 | Lair:3   | Found a staircase to the Snake Pit.
 18229 | Lair:4   | Reached skill level 10 in Armour
 18573 | Lair:4   | Noticed Nergalle
 18581 | Lair:4   | Killed Nergalle
 18582 | Lair:4   | Reached skill level 10 in Fighting
 18690 | Lair:4   | Noticed an eight-headed hydra
 18693 | Lair:4   | Noticed a death yak
 18697 | Lair:4   | Noticed a death yak
 18697 | Lair:4   | Killed an eight-headed hydra
 18698 | Lair:4   | Noticed a death yak
 18699 | Lair:4   | Killed a death yak
 18699 | Lair:4   | Received a gift from Okawaru
 18700 | Lair:4   | Noticed a death yak
 18701 | Lair:4   | Noticed a death yak
 18702 | Lair:4   | Killed a death yak
 18704 | Lair:4   | Killed a death yak
 18705 | Lair:4   | Reached XP level 13. HP: 101/103 MP: 18/18
 18814 | Lair:4   | Noticed a five-headed hydra
 18822 | Lair:4   | Killed a one-headed hydra
 18888 | Lair:4   | Found a staircase to the Shoals.
 19783 | Lair:5   | Noticed a four-headed hydra
 19793 | Lair:5   | Killed a one-headed hydra
 20196 | Lair:6   | Entered Level 6 of the Lair of Beasts
 20238 | Lair:6   | Noticed a catoblepas
 20244 | Lair:6   | Killed a catoblepas
 20475 | Lair:6   | Identified the +9 battleaxe "Sempijik" {vamp, rPois Int+2
                  | Dex-4} (Okawaru gifted it to you on level 6 of the Lair of
                  | Beasts)
 20475 | Lair:6   | Received a gift from Okawaru
 20480 | Lair:6   | Reached ****** piety under Okawaru
 20487 | Lair:6   | Noticed a seven-headed hydra
 20882 | Lair:6   | Noticed a four-headed hydra
 20895 | Lair:6   | Killed a 14-headed hydra
 20917 | Lair:6   | Reached XP level 14. HP: 47/113 MP: 9/20
 21404 | Lair:6   | Received a gift from Okawaru
 22007 | Lair:6   | Found a staircase to the Slime Pits.
 22007 | Lair:6   | Found a viscous altar of Jiyva.
 22058 | Lair:6   | Found an opulent altar of Gozag.
 23181 | D:9      | Reached skill level 15 in Axes
 23407 | D:9      | Found a runed translucent door.
 23408 | D:9      | Found a shimmering altar of Xom.
 23408 | D:9      | Noticed Ge0ff's ghost (novice DDFi)
 23490 | D:10     | Found a bloodstained altar of Trog.
 23812 | D:11     | Noticed Fannar
 23820 | D:11     | Killed Fannar
 23932 | D:11     | Noticed Psyche
 23940 | D:11     | Killed Psyche
 24476 | D:11     | Got the Disquisition on Unholy Magic
 24848 | D:12     | Reached skill level 1 in Evocations
 24929 | D:12     | Noticed Kirke
 24937 | D:12     | Noticed a sphinx
 24948 | D:12     | Killed Kirke
 24948 | D:12     | Received a gift from Okawaru
 24949 | D:12     | Reached XP level 15. HP: 38/122 MP: 7/21
 25964 | D:13     | Found the +2 robe of Vines {NoPotionHeal Regen+++}
 26013 | D:13     | Noticed Jorgrun
 26019 | D:13     | Killed Jorgrun
 26231 | D:13     | Found a gate to the Vaults.
 26474 | D:13     | Noticed Rupert
 26485 | D:13     | Killed Rupert
 26561 | D:13     | Found a runed translucent door.
 26561 | D:13     | Found a shimmering altar of Xom.
 26561 | D:13     | Noticed Nordron's ghost (adept PaGl)
 26569 | D:13     | Identified the +1 great sword of Odatyilo {chaos, *Corrode
                  | rC+ Dex+4}
 28063 | D:14     | Identified the +9 broad axe "Ujoprieq" {vorpal, Fly rElec
                  | Dex+6 Stlth-} (Okawaru gifted it to you on level 14 of the
                  | Dungeon)
 28063 | D:14     | Received a gift from Okawaru
 28441 | D:15     | Entered Level 15 of the Dungeon
 29228 | D:15     | Reached skill level 5 in Evocations
 29366 | D:15     | Found a staircase to the Depths.
 29366 | D:15     | Noticed a stone giant
 29373 | D:15     | Killed a stone giant
 30215 | Orc:1    | Entered Level 1 of the Orcish Mines
 30358 | Orc:1    | Found Setwor's Magic Scroll Boutique.
 30569 | Orc:1    | Reached XP level 16. HP: 131/131 MP: 22/22
 30595 | Orc:1    | Noticed Josephine
 30601 | Orc:1    | Killed Josephine
 30956 | Orc:2    | Entered Level 2 of the Orcish Mines
 30956 | Orc:2    | Found a staircase to the Elven Halls.
 30963 | Orc:2    | Identified the +0 pair of gloves of the Dwarven Hall {rPois
                  | MP+9 Str+6} (Okawaru gifted it to you on level 2 of the
                  | Orcish Mines)
 30963 | Orc:2    | Received a gift from Okawaru
 31558 | Orc:2    | Found Jithurchao's Jewellery Boutique.
 31567 | Orc:2    | Bought a ring of willpower for 275 gold pieces
 31637 | Orc:2    | Reached skill level 15 in Shields
 32240 | Orc:2    | Identified the +9 quarterstaff of Bodily Humours {pain,
                  | rF+} (Okawaru gifted it to you on level 2 of the Orcish
                  | Mines)
 32240 | Orc:2    | Received a gift from Okawaru
 32531 | Orc:2    | Found Alluush's Magic Scroll Boutique.
 32531 | Orc:2    | Found Bigaiky's Armour Emporium.
 32532 | Orc:2    | Found Reunlaon's Antique Weapon Emporium.
 32532 | Orc:2    | Found Qainelos's Antique Weapon Shop.
 32934 | Snake:1  | Entered Level 1 of the Snake Pit
 33252 | Snake:1  | Reached XP level 17. HP: 134/140 MP: 23/23
 33898 | Snake:1  | Received a gift from Okawaru
 35097 | Snake:2  | Identified the +0 cloak "Gassur" {Drain +Inv rElec rCorr}
                  | (Okawaru gifted it to you on level 2 of the Snake Pit)
 35097 | Snake:2  | Received a gift from Okawaru
 35306 | Snake:2  | Found a glowing golden altar of the Shining One.
 35483 | Snake:2  | Reached skill level 15 in Fighting
 36037 | Snake:3  | Noticed Aizul
 36052 | Snake:3  | Killed Aizul
 36719 | Snake:3  | Reached XP level 18. HP: 149/149 MP: 24/24
 36840 | Snake:4  | Entered Level 4 of the Snake Pit
 36916 | Snake:4  | Reached skill level 10 in Evocations
 37048 | Snake:4  | Identified the +1 scale mail of Pathos {Rampage Fly Will+
                  | Dex+3} (Okawaru gifted it to you on level 4 of the Snake
                  | Pit)
 37048 | Snake:4  | Received a gift from Okawaru
 37800 | Snake:4  | Got a serpentine rune of Zot
 38406 | Snake:4  | Reached XP level 19. HP: 161/161 MP: 25/25
 38775 | Shoals:1 | Entered Level 1 of the Shoals
 38871 | Shoals:1 | Reached skill level 1 in Dodging
 39167 | Shoals:1 | Received a gift from Okawaru
 39623 | Shoals:1 | Noticed Donald
 39640 | Shoals:1 | Killed Donald
 40192 | Shoals:2 | Noticed Polyphemus
 40213 | Shoals:2 | Killed Polyphemus
 40754 | Shoals:2 | Found a frozen archway.
 40771 | IceCv    | Entered an ice cave
 40988 | IceCv    | Received a gift from Okawaru
 41002 | IceCv    | Reached skill level 5 in Dodging
 42121 | Shoals:2 | Reached XP level 20. HP: 170/170 MP: 26/26
 42463 | Shoals:3 | Noticed Ilsuiw
 42470 | Shoals:3 | Identified the +1 tower shield of Proximity {*Slow Str+7
                  | Int-5 Stlth+} (Okawaru gifted it to you on level 3 of the
                  | Shoals)
 42470 | Shoals:3 | Received a gift from Okawaru
 42529 | Shoals:3 | Killed Ilsuiw
 43919 | Shoals:4 | Entered Level 4 of the Shoals
 44223 | Shoals:4 | Noticed Louise
 44247 | Shoals:4 | Killed Louise
 44263 | Shoals:4 | Identified the +2 leather armour of Okawaru's Approval {Fly
                  | Will- Str+4 SInv}
 44263 | Shoals:4 | Identified the ring of Nobility {Int+6 Dex+4 SInv}
 44360 | Shoals:4 | Received a gift from Okawaru
 44676 | Shoals:4 | Found a blossoming altar of Fedhas.
 45103 | Shoals:4 | Got a barnacled rune of Zot
 45796 | Elf:1    | Entered Level 1 of the Elven Halls
 45863 | Elf:1    | Found Xouciota's Assorted Antiques.
 45866 | Elf:1    | Bought a potion of heal wounds for 215 gold pieces
 45886 | Elf:1    | You are sucked into a shaft and drop 1 floor!
 46031 | Elf:2    | Found a huge runed translucent gate.
 46031 | Elf:2    | Found a huge runed translucent gate.
 46032 | Elf:2    | Found a huge runed translucent gate.
 46033 | Elf:2    | Found a huge runed translucent gate.
 46055 | Elf:2    | Found a huge runed translucent gate.
 46074 | Elf:2    | Reached XP level 21. HP: 177/179 MP: 27/27
 46422 | Elf:2    | Found a runed translucent gate.
 46422 | Elf:2    | Found a runed translucent gate.
 46422 | Elf:2    | Found a runed translucent gate.
 46423 | Elf:2    | Noticed Pileg's ghost (adept FoFi)
 46445 | Elf:2    | Killed Pileg's ghost
 46677 | Elf:2    | Received a gift from Okawaru
 47345 | Elf:2    | Found an ancient bone altar of Kikubaaqudgha.
 47882 | Elf:3    | Entered Level 3 of the Elven Halls
 48041 | Elf:3    | Identified the +4 hand axe of Obsession {vamp, rPois rC-
                  | Will+ Dex+6} (Okawaru gifted it to you on level 3 of the
                  | Elven Halls)
 48041 | Elf:3    | Received a gift from Okawaru
 48179 | Elf:3    | Got the Catalogue of Conjuration
 48702 | Elf:3    | Cast into level 3 of the Abyss (a deep elf sorcerer)
 48806 | Abyss:3  | Reached skill level 10 in Dodging
 48847 | Abyss:3  | Reached XP level 22. HP: 170/189 MP: 20/28
 48853 | Abyss:3  | Received a gift from Okawaru
 48881 | Abyss:3  | Reached skill level 15 in Armour
 48903 | Abyss:3  | Got an abyssal rune of Zot
 48929 | Elf:3    | Escaped the Abyss
 48975 | Elf:3    | Killed from afar by a Hell Sentinel

Table legend: (Time is in decaauts)
 A = Elapsed time spent in this place.
 B = Non-inter-level travel time spent in this place.
 C = Inter-level travel time spent in this place.
 D = Time resting spent in this place.
 E = Time spent auto-exploring this place.
 F = Levels seen in this place.
 G = Mean time per level.
                   A        B        C        D        E       F      G
               +--------+--------+--------+--------+--------+-----+--------+
         Total |  48397 |  45933 |   2464 |  11279 |  26650 |  38 | 1273.6 |
       Dungeon |  21816 |  20680 |   1136 |   7472 |  10273 |  15 | 1454.4 |
        Temple |    123 |    114 |      9 |      0 |    113 |   1 |  123.0 |
          Lair |   8861 |   7992 |    869 |   1530 |   5004 |   6 | 1476.8 |
        Shoals |   5634 |   5459 |    175 |    700 |   3717 |   4 | 1408.5 |
     Snake Pit |   5119 |   4969 |    150 |     58 |   3844 |   4 | 1279.8 |
  Orcish Mines |   2583 |   2504 |     79 |    978 |   1118 |   2 | 1291.5 |
   Elven Halls |   2821 |   2777 |     44 |      0 |   2217 |   3 |  940.3 |
         Abyss |    161 |    161 |      0 |      0 |      4 |   1 |  161.0 |
         Sewer |    350 |    350 |      0 |    159 |     26 |   1 |  350.0 |
      Ice Cave |    924 |    924 |      0 |    382 |    332 |   1 |  924.0 |
               +--------+--------+--------+--------+--------+-----+--------+

Top non-repeatable levels by time:
  Lair:6: 2373 daAuts
     D:6: 2112 daAuts
     D:7: 1961 daAuts
   Elf:2: 1891 daAuts
     D:8: 1864 daAuts
 Snake:4: 1679 daAuts
     D:3: 1622 daAuts
     D:2: 1573 daAuts
     D:1: 1554 daAuts
Shoals:4: 1550 daAuts
  Lair:4: 1508 daAuts
  Lair:1: 1488 daAuts
    D:15: 1471 daAuts
     D:5: 1455 daAuts
    D:13: 1447 daAuts

Table legend:
 A = Kills in this place as a percentage of kills in entire the game.
 B = Kills by you in this place as a percentage of kills by you in the entire game.
 C = Kills by friends in this place as a percentage of kills by friends in the entire game.
 D = Other kills in this place as a percentage of other kills in the entire game.
 E = Experience gained in this place as a percentage of experience gained in the entire game.
 F = Experience gained in this place divided by the number of levels of this place that you have seen.
                   A       B       C       D       E      F
               +-------+-------+-------+-------+-------+----------------------
         Total | 100.0 | 100.0 | 100.0 | 100.0 | 100.0 | 13857.4
       Dungeon |  26.7 |  26.8 |  12.5 |   0.0 |  10.9 | 3813.6
          Lair |  14.1 |  13.8 |  75.0 |   0.0 |   9.3 | 8120.8
        Shoals |  15.4 |  15.5 |   0.0 |   0.0 |  21.3 | 28037.5
     Snake Pit |  17.4 |  17.5 |  12.5 |   0.0 |  24.2 | 31889.2
  Orcish Mines |   9.1 |   9.2 |   0.0 |   0.0 |   6.2 | 16333.5
   Elven Halls |   9.6 |   9.6 |   0.0 | 100.0 |  17.6 | 30926.3
         Abyss |   3.3 |   3.3 |   0.0 |   0.0 |   5.9 | 30961.0
         Sewer |   0.6 |   0.6 |   0.0 |   0.0 |   0.0 | 139.0
      Ice Cave |   3.6 |   3.7 |   0.0 |   0.0 |   4.6 | 24399.0
               +-------+-------+-------+-------+-------+----------------------

Action                   |  1- 3 |  4- 6 |  7- 9 | 10-12 | 13-15 | 16-18 | 19-21 | 22-24 || total
-------------------------+-------+-------+-------+-------+-------+-------+-------+-------++-------
Melee: War axe           |   107 |    69 |   489 |   541 |       |       |       |       ||  1206
       Broad axe         |       |       |       |    70 |   569 |   252 |  1177 |       ||  2068
       Scimitar          |       |       |       |     6 |    57 |       |       |       ||    63
       Unarmed           |       |       |       |       |     3 |       |       |       ||     3
       Battleaxe         |       |       |       |       |       |   776 |    56 |    78 ||   910
       Executioner's axe |       |       |       |       |       |       |    41 |       ||    41
Throw: Dart              |       |    11 |     4 |    10 |       |       |       |       ||    25
Invok: Heroism           |       |       |       |     2 |     1 |     8 |    11 |     1 ||    23
       Finesse           |       |       |       |       |     1 |     8 |    11 |       ||    20
Evoke: Wand              |       |       |       |     1 |     6 |       |     2 |       ||     9
       Box of beasts     |       |       |       |       |       |     1 |       |       ||     1
  Use: Potion            |     1 |     2 |     5 |     1 |     3 |     1 |       |     2 ||    15
       Scroll            |       |     1 |     2 |    16 |     6 |       |     4 |     2 ||    31
 Stab: Distracted        |       |       |       |       |     2 |       |       |       ||     2
Armor: Scale mail        |    40 |    29 |    22 |   251 |     1 |       |       |       ||   343
       Skin              |       |    18 |     8 |       |       |       |       |       ||    26
       Chain mail        |       |       |   206 |       |       |       |       |       ||   206
       Plate armour      |       |       |    42 |    47 |       |       |       |       ||    89
       Crystal plate arm |       |       |       |       |   374 |   307 |   300 |    20 ||  1001
Dodge: Dodged            |    45 |    20 |   143 |   247 |    98 |   109 |   153 |     7 ||   822
Block: Kite shield       |    65 |    33 |   297 |   381 |   395 |   133 |       |       ||  1304
       Tower shield      |       |       |       |       |       |   806 |   996 |    48 ||  1850

Vanquished Creatures
  Rupert (D:13)
  Jorgrun (D:13)
  4 deep elf blademasters
  A deep elf master archer (Elf:3)
  Polyphemus (Shoals:2)
  A kraken (Shoals:3)
  A tentacled starspawn (Abyss:3)
  Kirke (D:12)
  A thorn hunter (Abyss:3)
  The ghost of Pileg the Severer, an adept FoFi of Okawaru (Elf:2)
  Donald (Shoals:1)
  A storm dragon (Shoals:4)
  5 nagarajas (Snake:4)
  Ilsuiw (Shoals:3)
  5 deep elf sorcerers
  2 frost giants (IceCv)
  Aizul (Snake:3)
  Louise (Shoals:4)
  A stone giant (D:15)
  3 deep elf annihilators
  A deep elf demonologist (Elf:3)
  A white draconian (IceCv)
  6 merfolk javelineers
  2 deep elf death magi (Elf:3)
  Josephine (Orc:1)
  8 merfolk impalers
  Fannar (D:11)
  2 shambling mangroves (Abyss:3)
  2 rakshasas (Abyss:3)
  2 ice dragons
  7 boulder beetles
  5 salamander tyrants
  4 ogre magi (Orc:2)
  A deep elf high priest (Elf:2)
  18 naga warriors
  5 merfolk avatars
  3 catoblepae
  2 centaur warriors
  A vault guard (D:13)
  10 hydras
  3 ironbound frosthearts (IceCv)
  19 two-headed ogres
  2 alligator snapping turtles
  4 satyrs
  5 merfolk aquamancers (Shoals:4)
  10 anacondas
  22 dancing weapons
  An orc high priest (Orc:1)
  3 tengu warriors
  5 death yaks
  Urug (Lair:3)
  9 naga sharpshooters
  A wretched star (Abyss:3)
  8 shock serpents
  11 deep elf knights
  Nergalle (Lair:4)
  9 salamander mystics
  4 skeletal warriors (D:11)
  7 sea snakes
  An orange crystal statue (IceCv)
  13 harpies
  9 naga ritualists
  Pikel (D:6)
  A wizard (D:15)
  8 deep elf archers
  35 deep elf zephyrmancers
  7 cyclopes
  11 mana vipers
  29 deep elf pyromancers
  5 orc sorcerers
  6 worldbinders (Abyss:3)
  15 manticores
  23 fauns
  16 ugly things
  38 black mambas
  27 salamanders
  An ice statue (Shoals:2)
  16 merfolk sirens
  4 centaur zombies
  11 water nymphs
  3 gargoyles
  12 guardian serpents
  18 naga magi
  8 cane toads
  Maggie (D:6)
  10 komodo dragons
  20 rime drakes
  Psyche (D:11)
  2 demonic crawlers (Elf:2)
  A tengu conjurer (D:15)
  An ancient zyme (Abyss:3)
  A queen bee (D:14)
  33 merfolk
  3 yaktaurs (D:15)
  3 meliai (D:14)
  A wolf spider simulacrum (D:15)
  17 polar bears
  A troll (D:12)
  4 wind drakes (Shoals:4)
  10 hornets
  Prince Ribbit (D:8)
  12 blink frogs
  8 snapping turtles
  15 dream sheep
  3 slime creatures (D:15)
  A centaur simulacrum (D:14)
  7 air elementals
  21 water elementals
  Sigmund (D:2)
  6 wraiths
  13 spriggans (Lair:6)
  4 wyverns
  2 shadows
  4 fire elementals (Elf:2)
  3 hogs (D:12)
  A ynoxinul (Abyss:3)
  31 yaks
  6 basilisks
  6 golden eyes (Abyss:3)
  A chaos spawn (Abyss:3)
  10 vampire mosquitoes
  A warg (D:9)
  51 nagas
  An acid dragon (D:14)
  13 water moccasins
  A necrophage (D:7)
  Purgy (Sewer)
  A hornet zombie (D:7)
  21 orc warriors
  An ice beast (D:7)
  7 black bears
  4 boggarts (Lair:6)
  30 ogres
  32 wolves
  A phantom (D:7)
  10 centaurs
  A kobold brigand (D:11)
  8 bullfrogs
  A wyvern zombie (D:7)
  2 scorpions (D:6)
  An earth elemental (Elf:2)
  A hornet simulacrum (D:14)
  2 water moccasin skeletons
  22 killer bees
  2 electric eels (Lair:6)
  2 howler monkeys
  3 jellies (D:5)
  4 hounds
  2 centaur skeletons
  A gnoll shaman (D:10)
  11 orc priests
  A bullfrog zombie (D:6)
  28 orc wizards
  An iguana (D:5)
  7 hell rats (Lair:4)
  A hound skeleton (D:4)
  A howler monkey zombie (D:7)
  11 gnolls
  A howler monkey skeleton (D:5)
  7 adders
  A river rat (D:4)
  A shadow imp (D:6)
  2 white imps
  3 ufetubi
  An adder skeleton (D:4)
  A worm (D:10)
  2 dart slugs (D:3)
  71 orcs
  6 bats
  5 endoplasms
  3 giant cockroaches
  10 goblins
  12 hobgoblins
  6 jackals
  4 quokkas
  7 ball pythons
  5 frilled lizards
  A goblin skeleton (D:6)
  10 kobolds
  2 kobold skeletons (D:6)
  5 kobold zombies (D:6)
  3 orc skeletons (D:6)
  6 rats
  2 briar patches (Abyss:3)
  3 tentacles (Shoals:3)
1292 creatures vanquished.

Vanquished Creatures (collateral kills)
  A hydra (Lair:4)
  An anaconda (Snake:3)
  4 death yaks (Lair:4)
  A basilisk (Lair:4)
  An acid dragon (D:10)
8 creatures vanquished.

Vanquished Creatures (others)
  A deep elf zephyrmancer (Elf:2)
  An orc wizard (Orc:2)
  29 fungi
  159 plants
  4 starspawn tentacles (Abyss:3)
  4 tentacles (Shoals:3)
198 creatures vanquished.

Grand Total: 1498 creatures vanquished
